 Dungeon Crawl Stone Soup version 0.29.0-4-gdea44cf6ec (webtiles) character file.

Game seed: 9722894821224612884

191 qw the Chopper (level 5, 0/30 HPs)
             Began as a Tengu Warper on Aug 28, 2022.
             Slain by a bullfrog (4 damage)
             ... in a sewer.
             The game lasted 00:00:23 (3417 turns).

qw the Chopper (Tengu Warper)                       Turns: 3417, Time: 00:00:23

Health: 0/30       AC: 10    Str: 12 (14) XL:     5   Next: 70%
Magic:  9/9        EV:  0    Int: 13      God:
Gold:   105        SH:  3    Dex: 11 (13) Spells: 8/8 levels left

rFire   . . .      SeeInvis +   Y - +1 hand axe
rCold   . . .      Faith    .   m - +0 buckler
rNeg    . . .      Spirit   .   j - +0 plate armour
rPois   +          Reflect  .   (helmet restricted)
rElec   .          Harm     .   (no cloak)
rCorr   .          Rampage  .   (no gloves)
Will    .....                   (boots unavailable)
Stlth   ..........              (no amulet)
HPRegen 0.10/turn               f - ring of poison resistance
MPRegen 0.11/turn               a - ring of see invisible

@: flying quickly and evasively, constricted, quick
A: beak, talons 3, nimble flight
a: no special abilities


You were in a sewer.
You visited 1 branch of the dungeon, and saw 4 of its levels.
You also visited: Sewer.

You collected 145 gold pieces.
You spent 40 gold pieces at shops.


Innate Abilities, Weirdness & Mutations

You have a beak for a mouth.
You have claws for feet.
Your magical nature lets you fly swiftly and evasively.


   Skills:
 - Level 2.0 Fighting
 + Level 5.8 Axes
 - Level 1.0 Throwing
 - Level 2.0 Armour
 - Level 2.1 Dodging
 - Level 1.0 Shields
 - Level 2.0 Spellcasting
 - Level 2.4 Translocations


You had 8 spell levels left.
You didn't know any spells.
Your spell library contained the following spells:

 Spells                   Type           Power      Damage    Failure   Level
 Blink                    Tloc           14%        N/A       100%        2
 Gell's Gravitas          Tloc           7%         N/A       100%        3
 Lesser Beckoning         Tloc           7%         N/A       100%        3
 Teleport Other           Tloc           7%         N/A       100%        3
 Manifold Assault         Tloc           7%         N/A       100%        5

Inventory:

Hand Weapons
 h - a +4 flail
 Y - a +1 hand axe (weapon)
Armour
 j - a +0 plate armour (worn)
 m - a +0 buckler (worn)
Jewellery
 a - a ring of see invisible (right hand)
 f - a ring of poison resistance (left hand)
Scrolls
 d - a scroll of fog {unknown}
 g - a scroll of identify
 k - a scroll of teleportation
Potions
 b - a potion of heal wounds
 c - 2 potions of mutation
 e - a potion of curing
 i - a potion of haste {unknown}
 o - 2 potions of cancellation {unknown}
 q - a potion of might
 r - a potion of ambrosia {unknown}

Dungeon Overview and Level Annotations

Branches:
Dungeon (4/15)              Sewer (1/1)
 Temple: D:4-7

Altars:
Ashenzari

Shops:
D:2 *


Message History

You slash the ball python!
You kill the ball python!
You closely miss the adder. You closely miss the ball python.
You hit the bullfrog. You closely miss the bullfrog.
The bullfrog hits you but does no damage.
You block the bullfrog's attack. The ball python barely misses you.
The ball python grabs you. The ball python constricts you.
The ball python bites you.
The bullfrog hits you but does no damage.
The adder bites you but does no damage.
You barely miss the ball python. Your kick misses the ball python.
You peck the ball python.
You kill the ball python!
You closely miss the bullfrog. You hit the adder.
You closely miss the ball python. You hit the bullfrog.
The bullfrog hits you. x2
The ball python bites you but does no damage.
The ball python grabs you. The ball python constricts you.
The adder bites you but does no damage.
The bullfrog hits you but does no damage.
The ball python bites you but does no damage.
The bullfrog hits you but does no damage.
You block the ball python's attack. The ball python constricts you.
You closely miss the ball python. Your kick misses the ball python.
You miss the adder. You hit the ball python. You hit the bullfrog.
You hit the bullfrog but do no damage. You block the bullfrog's attack.
The adder bites you but does no damage.
The bullfrog hits you but does no damage.
You block the ball python's attack. x2; The ball python constricts you.
The adder bites you but does no damage. The bullfrog hits you.
You hit the ball python.
You kill the ball python!
You closely miss the bullfrog. You barely miss the adder.
You closely miss the ball python. You closely miss the bullfrog.
The bullfrog hits you.
The ball python bites you but does no damage.
The ball python grabs you. The ball python constricts you.
The bullfrog hits you but does no damage.
The adder bites you. The bullfrog hits you.
You die...

......##
.......#
......#
#......##
......#
##......#
......#
###~~...#
##.~.~.#
##~~~~~~#
#~~~~~~#
#~~~~~~#
#~~~~~~#
#~~~~~~#
#FlS~~~#
#~~~~~~#
#S@F~~~#
#~~~~~~#
#~~~~#~#
#~~~~~~#
#~~~~~~#
#~~~~~~#
#~~~~.~#
##~..~##
#~~~~.~#
#~.(..~#
#~~~#~~#
##~~~.##
#~~~~~~#
#~~~~~~#
#~~~~~~#
#~~~~~~#
#~~~~~~#


You could see 2 bullfrogs, an adder, a ball python and a frilled lizard.

Vanquished Creatures
  5 adders
  3 river rats (Sewer)
  2 worms (D:2)
  2 dart slugs
  4 orcs (D:3)
  19 ball pythons
  6 endoplasms
  4 giant cockroaches
  5 goblins
  10 hobgoblins
  3 quokkas
  11 bats
  4 frilled lizards
  7 kobolds
  30 rats
115 creatures vanquished.

Notes
Turn   | Place    | Note
-------+----------+-------------------------------------------
     0 | D:1      | qw the Tengu Warper began the quest for the Orb.
     0 | D:1      | Reached XP level 1. HP: 12/12 MP: 4/4
     0 | D:1      | 0 ||| qw: Version: 0.1-a-89-g26bdef1
     0 | D:1      | 0 ||| qw: Game counter: 2263
     0 | D:1      | 0 ||| qw: Always use a shield: true
     0 | D:1      | 0 ||| qw: God list: Okawaru
     0 | D:1      | 0 ||| qw: Allow faded altars: false
     0 | D:1      | 0 ||| qw: Do Orc after D:15 true
     0 | D:1      | 0 ||| qw: Do second Lair branch before Depths: true
     0 | D:1      | 0 ||| qw: Lair rune preference: random
     0 | D:1      | 0 ||| qw: Plans: Normal
     0 | D:1      | 0 ||| PLANNING D:1-11
    58 | D:1      | 58 ||| Stepping ~*~*~tactically~*~*~ (stealth).
    59 | D:1      | 59 ||| Stepping ~*~*~tactically~*~*~ (stealth).
   120 | D:1      | 120 ||| DROPPING +0 club.
   153 | D:1      | Reached XP level 2. HP: 13/17 MP: 6/6
   245 | D:1      | Reached skill level 3 in Axes
   384 | D:1      | 384 ||| Stepping ~*~*~tactically~*~*~ (hiding).
   463 | D:1      | 463 ||| DROPPING +0 whip.
   854 | D:1      | 854 ||| UPGRADING to +0 plate armour.
   864 | D:1      | 864 ||| DROPPING +0 leather armour.
   865 | D:1      | 865 ||| UPGRADING to ring of poison resistance.
   866 | D:1      | 866 ||| READING scroll labelled KAITAO RIUT.
   870 | D:1      | 870 ||| READING scroll labelled SAK AD CAURGHIQ.
  1009 | D:1      | 1009 ||| READING 2 scrolls labelled PUMNYCR XORPHEO.
  1010 | D:1      | 1010 ||| DROPPING scroll of blinking.
  1043 | D:2      | Reached skill level 4 in Axes
  1043 | D:2      | Reached XP level 3. HP: 19/21 MP: 7/7
  1296 | D:2      | 1296 ||| Stepping ~*~*~tactically~*~*~ (stealth).
  1610 | D:2      | Reached XP level 4. HP: 15/26 MP: 8/8
  1873 | D:2      | Found Yczusiuq's General Store.
  1885 | D:2      | 1885 ||| BUYING potion of might (40 gold).
  1885 | D:2      | Bought a potion of might for 40 gold pieces
  1885 | D:2      | 1885 ||| SHOPLISTING ring of ice (250 gold, have 44).
  2010 | D:2      | 2010 ||| UPGRADING to +0 buckler.
  2015 | D:2      | 2015 ||| READING scroll labelled ORAOJO GEFOUFF.
  2016 | D:2      | 2016 ||| READING scroll labelled RYUHERADUF.
  2017 | D:2      | 2017 ||| READING scroll labelled VAREJAEDEH.
  2118 | D:2      | 2118 ||| READING scroll labelled XUACWI JYVAH.
  2119 | D:2      | 2119 ||| DRINKING 3 glowing orange potions.
  2120 | D:2      | 2120 ||| READING 4 scrolls of identify.
  2120 | D:2      | 2120 ||| IDENTIFYING orange potion
  2121 | D:2      | 2121 ||| READING 3 scrolls of identify.
  2121 | D:2      | 2121 ||| IDENTIFYING pink potion
  2122 | D:2      | 2122 ||| READING 2 scrolls of identify.
  2122 | D:2      | 2122 ||| IDENTIFYING emerald potion
  2123 | D:2      | 2123 ||| DROPPING 2 potions of degeneration.
  2144 | D:3      | 2144 ||| STAIRDANCE
  2198 | D:3      | 2198 ||| Stepping ~*~*~tactically~*~*~ (stealth).
  2200 | D:3      | 2200 ||| Stepping ~*~*~tactically~*~*~ (stealth).
  2205 | D:3      | Reached skill level 1 in Shields
  2259 | D:3      | 2259 ||| Stepping ~*~*~tactically~*~*~ (stealth).
  2483 | D:3      | Found a broken altar of Ashenzari.
  2810 | D:3      | 2810 ||| Stepping ~*~*~tactically~*~*~ (stealth).
  2866 | D:3      | 2866 ||| UPGRADING to ring of see invisible.
  2867 | D:3      | 2867 ||| READING scroll labelled RIASTR AREUL.
  2868 | D:3      | 2868 ||| READING 2 scrolls of identify.
  2868 | D:3      | 2868 ||| IDENTIFYING murky dark potion
  2869 | D:3      | 2869 ||| DROPPING potion of berserk rage.
  2880 | D:4      | 2880 ||| PLANNING SEWER
  2900 | D:4      | Found a glowing drain.
  2924 | D:4      | Reached skill level 5 in Axes
  2925 | D:4      | Gained mutation: Your magical nature lets you fly swiftly
                  | and evasively. [Tengu growth]
  2925 | D:4      | Reached XP level 5. HP: 30/30 MP: 9/9
  2934 | Sewer    | Entered a sewer
  3417 | Sewer    | HP: 7/30 [bullfrog (1)]
  3417 | Sewer    | Slain by a bullfrog

Levels and vault maps discovered:
D:1:      dpeg_arrival_short_road, layout_loops_cross
D:2:      layout_basic, serial_shops, nicolae_lakefront_shop,
          minmay_split_cup_small
D:3:      layout_basic, ashenzari_conservatory_becter, kennysheep_potato
D:4:      layout_basic, minmay_temple_entry_wispy, serial_shops,
          nicolae_shop_hallway_plus, nicolae_lakefront_shop,
          nicolae_shop_hallway_stairs, portal_sewer_entry_f, uniq_menkaure
Sewer:    sewer_minmay_w

Skill      XL: |  1  2  3  4 |
---------------+-------------+-----
Axes           | 4 5 |  5.8
Armour         | 2 |  2.0
Shields        | 1 |  1.0
Fighting       | |  2.0
Throwing       | |  1.0
Dodging        | |  2.1
Spellcasting   | |  2.0
Translocations | |  2.4

Action                   |  1- 3 |  4- 6 || total
-------------------------+-------+-------++-------
Melee: Hand axe          |    67 |   142 ||   209
       Kick              |    16 |    25 ||    41
       Peck              |     9 |    21 ||    30
Throw: Boomerang         |     7 |       ||     7
       Javelin           |    13 |    16 ||    29
  Use: Scroll            |     3 |     9 ||    12
       Potion            |       |     1 ||     1
Armor: Leather armour    |    17 |       ||    17
       Plate armour      |    17 |   102 ||   119
Dodge: Dodged            |    17 |    20 ||    37
Block: Buckler           |       |    23 ||    23

Table legend:
 A = Non-vault XP
 B = Vault XP
 C = Vault XP percentage of total XP
 D = Non-vault monster count
 E = Vault monster count
 F = Vault count percentage of total count
                 A         B        C        D         E       F
            +---------+---------+-------+---------+---------+-------
      Total |     155 |     119 |  43.4 |      63 |      52 |  45.2
            +---------+---------+-------+---------+---------+-------
        D:1 |      32 |       0 |   0.0 |      20 |       0 |   0.0
        D:2 |      75 |       5 |   6.2 |      25 |       3 |  10.7
        D:3 |      43 |       2 |   4.4 |      15 |       2 |  11.8
        D:4 |       5 |       6 |  54.5 |       3 |       3 |  50.0
      Sewer |       0 |     106 | 100.0 |       0 |      44 | 100.0
            +---------+---------+-------+---------+---------+-------
